 Dungeon Crawl Stone Soup version 0.26-a0-835-g8259106e14 (webtiles) character file.

Game seed: 4644813168438533725

163 dickylongcocking the Stinger (level 5, -2/42 HPs)
             Began as a Naga Venom Mage on Nov 18, 2020.
             Slain by a phantom (7 damage)
             ... on level 3 of the Dungeon.
             The game lasted 00:02:50 (3044 turns).

dickylongcocking the Stinger (Naga Venom Mage)      Turns: 3044, Time: 00:02:51

Health: -2/42      AC:  2    Str: 10    XL:     5   Next: 44%
Magic:  7/8        EV: 10    Int: 16    God:
Gold:   115        SH:  0    Dex: 12    Spells: 3/8 levels left

rFire    . . .     SeeInvis +   e - +2 dagger (pain)
rCold    . . .     Faith    .   (no shield)
rNeg     . . .     Spirit   .   a - +0 robe
rPois    +         Reflect  .   (no helmet)
rElec    .         Harm     .   (no cloak)
rCorr    .         Rampage  .   (no gloves)
MR       .....                  (no barding)
Stlth    ++........             (no amulet)
HPRegen  0.14/turn              (no ring)
MPRegen  0.11/turn              (no ring)

@: about to teleport, very slow
A: large, see invisible, deformed body, poison resistance, slowness 2, spit
poison 1, AC +1
a: Spit Poison


You were on level 3 of the Dungeon.
You visited 1 branch of the dungeon, and saw 3 of its levels.

You collected 115 gold pieces.

Inventory:

Hand Weapons
 e - a +2 dagger of pain (weapon)
Armour
 a - a +0 robe (worn)
Scrolls
 h - a scroll of identify
 j - a scroll of amnesia {unknown}
Potions
 d - 2 potions of cancellation


   Skills:
 + Level 2.1 Short Blades
 - Level 1.5 Dodging
 - Level 3.0 Stealth
 - Level 2.0 Spellcasting
 * Level 3.2 Necromancy
 - Level 1.0 Transmutations
 * Level 5.4 Poison Magic


You had 3 spell levels left.
You knew the following spells:

 Your Spells              Type           Power        Failure   Level
a - Sting                 Tmut/Pois      ##..         5%          1
b - Olgreb's Toxic Radia  Pois           ###.....     22%         4

Your spell library contained the following spells:

 Spells                   Type           Power        Failure   Level
 Poisonous Vapours        Pois/Air       ##....       11%         2
 Ignite Poison            Fire/Tmut/Pois #.......     26%         3
 Mephitic Cloud           Conj/Pois/Air  #.......     30%         3


Dungeon Overview and Level Annotations

Branches:
Dungeon (3/15)

Altars:
Vehumet


Innate Abilities, Weirdness & Mutations

You cannot wear boots.
Your serpentine skin is tough. (AC +1)
You have supernaturally acute eyesight. (SInv)
Armour fits poorly on your strangely shaped body.
Your system is resistant to poisons. (rPois)
You cover ground very slowly.
You can spit poison.


Message History

You hit the phantom but do no damage.
The phantom is lightly damaged.
The phantom hits you.
* * * LOW HITPOINT WARNING * * *
Okay, then.
As you read the scroll labelled ZEZAWK SEKKUNAL, it crumbles to dust.
You hear a loud clanging noise!
It was a scroll of noise.
You hear a shout! x2; You hear an angry hiss.
You hear a shout! x2
You hear an angry hiss.
The phantom hits you!
* * * LOW HITPOINT WARNING * * *
Unknown command.
As you read the scroll labelled JUXKAIMAEL, it crumbles to dust.
It is a scroll of identify.
c - a scroll of teleportation The phantom misses you.
As you read the scroll of teleportation, it crumbles to dust.
You feel strangely unstable. The phantom hits you!
You die...

... .g. ### g. ..# #
..#.#.# .#.#. ...
##### #.#
##...###.#######
#######..W@..........#
#........####..#####.#
.#####.#####..# # #.#
.....# #. #.##.##.##
#.### #.......#
#....###.....##
#............#
#............#


You could see a phantom.

Vanquished Creatures
  Jessica (D:2)
  4 gnolls (D:2)
  2 adders (D:2)
  2 oozes
  A worm (D:3)
  3 dart slugs (D:1)
  A leopard gecko (D:1)
  3 giant cockroaches
  8 goblins
  7 hobgoblins
  7 jackals
  7 kobolds
  6 bats
  4 frilled lizards
  4 rats
60 creatures vanquished.

Notes
Turn   | Place    | Note
-------+----------+-------------------------------------------
     0 | D:1      | dickylongcocking the Naga Venom Mage began the quest for
                  | the Orb.
     0 | D:1      | Reached XP level 1. HP: 15/15 MP: 3/3
   170 | D:1      | Reached XP level 2. HP: 12/22 MP: 0/5
   497 | D:1      | Reached skill level 5 in Poison Magic
   823 | D:1      | Reached XP level 3. HP: 28/28 MP: 6/6
  1186 | D:1      | Reached skill level 1 in Necromancy
  1925 | D:2      | Reached skill level 1 in Short Blades
  1926 | D:2      | Reached XP level 4. HP: 29/36 MP: 1/7
  2126 | D:2      | Noticed Jessica
  2132 | D:2      | Killed Jessica
  2452 | D:2      | Reached XP level 5. HP: 42/42 MP: 1/8
  2866 | D:3      | Found a radiant altar of Vehumet.
  3013 | D:3      | Noticed a phantom
  3022 | D:3      | Learned a level 4 spell: Olgreb's Toxic Radiance
  3044 | D:3      | Slain by a phantom

Illustrated notes

Levels and vault maps discovered:
D:1:      shiori_shiawase, layout_loops_corners, st_stairs_7, minmay_distorted
D:2:      layout_loops_ring, grunt_ministairs_3, kennysheep_cluttered_room,
          hangedman_abyss_or_decor_stabs, uniq_jessica
D:3:      layout_loops_cross, fiery_altar_vehumet

Skill      XL: |  1  2  3  4  5 |
---------------+----------------+-----
Poison Magic   | 5 |  5.4
Necromancy     | 1 2 3 |  3.2
Short Blades   | 1 2 |  2.1
Dodging        | |  1.5
Stealth        | |  3.0
Spellcasting   | |  2.0
Transmutations | |  1.0

Action                   |  1- 3 |  4- 6 || total
-------------------------+-------+-------++-------
Melee: Unarmed           |     6 |       ||     6
       Dagger            |    39 |    51 ||    90
 Cast: Sting             |    28 |    17 ||    45
 Abil: Spit Poison       |    21 |     3 ||    24
  Use: Potion            |       |     4 ||     4
       Scroll            |       |     3 ||     3
 Stab: Sleeping          |     4 |     2 ||     6
Armor: Robe              |     8 |    20 ||    28
       Skin              |       |    18 ||    18
Dodge: Dodged            |    44 |    47 ||    91

Table legend: (Time is in decaauts)
 A = Elapsed time spent in this place.
 B = Non-inter-level travel time spent in this place.
 C = Inter-level travel time spent in this place.
 D = Time resting spent in this place.
 E = Time spent auto-exploring this place.
 F = Levels seen in this place.
 G = Mean time per level.
                   A        B        C        D        E       F      G
               +--------+--------+--------+--------+--------+-----+--------+
         Total |   3572 |   3516 |     56 |    308 |   2732 |   3 | 1190.7 |
       Dungeon |   3572 |   3516 |     56 |    308 |   2732 |   3 | 1190.7 |
               +--------+--------+--------+--------+--------+-----+--------+

Top non-repeatable levels by time:
     D:1: 2034 daAuts
     D:2: 1340 daAuts
     D:3: 197 daAuts
